Connexion

Monsters vs Bears

Created - 13 septembre 2023 at 06:01

Goals
1 2 3 T
Monsters 2 2 1 5
Bears 2 0 1 3
Shots
1 2 3 T
Monsters 14 13 4 31
Bears 9 17 14 40

GoalsPenalties
1st period
1. Bears , Joona Luoto 9 (Justin Dowling 12) at 6:45
2. Monsters , Nicolas Petan 8 (Adam Ginning 8) at 7:01
3. Monsters , Alex Formenton 12 (Nicholas Abruzzese 19) at 14:26 (PP)
4. Bears , Joona Luoto 10 (Gustav Olofsson 6) at 16:43
Carsen Twarynski (CLE) for Diving (Minor) at 2:38
Kyle Burroughs (HER) for Slashing (Minor) at 13:29
Cole Koepke (HER) for Diving (Minor) at 18:22
2nd period
5. Monsters , Anthony Angello 6 (Mitch Reinke 19, Sean Day 14) at 4:29 (PP)
6. Monsters , Mitch Reinke 4 (Nicolas Petan 14, Anthony Angello 11) at 7:40
Andrew Poturalski (CLE) for Slashing (Minor) at 0:21
Andreas Borgman (HER) for Holding (Minor) at 2:55
Sean Day (CLE) for Slashing (Minor) at 5:23
Chad Krys (HER) for Hooking (Minor) at 14:02
3rd period
7. Monsters , Tim Gettinger 8 (Nicolas Petan 15, Sean Day 15) at 1:15
8. Bears , Tyrell Goulbourne 2 (Kyle Burroughs 5) at 5:59
Tim Gettinger (CLE) for Hooking (Minor) at 6:56
Mason Geertsen (CLE) for Tripping (Minor) at 12:40
Kyle Burroughs (HER) for Hooking (Minor) at 19:18
Goalie Stats
Kevin Mandolese (CLE), 37 saves from 40 shots - (0,925), W, 12-7-0, 60:00 minutes
Mikhal Berdin (HER), 14 saves from 18 shots - (0,778), L, 3-5-1, 27:40 minutes
Spencer Martin (HER), 12 saves from 13 shots - (0,923), 32:20 minutes
3 StarsOfficial
1 - Nicolas Petan (CLE)
2 - Anthony Angello (CLE)
3 - Mitch Reinke (CLE)
Referees : Chris Lee and Rob Martell
Linesman : Scott Driscoll and Dan Schachte
Game Note
Spencer Martin enters game at 7:40 of 2nd period
Finance
Level 1 -- Attendance: 1980 (99,00%) -- Ticket Income 59 400 $
Level 2 -- Attendance: 991 (99,10%) -- Ticket Income 17 838 $
Total Attendance: 2971 (99,03%)
Total Ticket Income: 77 238 $
Other Income: 15 448 $
Total Income: 92 686 $



Team Name Goals Shots Shots Attemp Shots Blocked PIM HIT PP PK FO%
Monsters 531631010292 / 5 (40%)040%
Bears 34074910150 / 5 (0%)260%

Monsters
Player Name POS G A P +/- PIM HIT SHT SB MP PP MP PP SHT PK MP PK SHT FO% FOT
Adam GinningD011-1030012:140:4100:2500% 0
Alex FormentonLW1010025025:313:0126:19033% 15
Andrew PoturalskiC/RW0000220118:373:0002:08050% 6
Anthony AngelloC/RW1122015017:164:0920:000100% 1
Blade JenkinsC/LW000-2000015:200:0001:4600% 0
Carsen TwarynskiLW000020002:440:0000:0000% 0
Chris BigrasD000-1041113:480:4101:5900% 0
Dysin MayoD0000032225:393:1415:2700% 0
Luke JohnsonC000000102:570:0000:12075% 4
Mason GeertsenD0000242024:303:1414:1900% 0
Max WillmanC/LW000-2011213:340:0000:00036% 11
Mitch ReinkeD1121002022:233:1504:1900% 0
Nathan WalkerLW000000000:030:0000:0000% 0
Nicholas AbruzzeseC/LW0110004023:003:0116:30043% 28
Nicolas PetanC/LW/RW1232004017:244:0930:08030% 20
Riley SutterRW000-2022213:340:0000:0000% 2
Sean DayD0221241221:243:1513:2100% 0
Tim GettingerLW1012231020:024:0902:47067% 3
Bears
Player Name POS G A P +/- PIM HIT SHT SB MP PP MP PP SHT PK MP PK SHT FO% FOT
Andreas BorgmanD0001202113:310:0000:5400% 0
Arttu RuotsalainenC0000002018:574:4810:00059% 22
Austin WatsonC/LW/RW000-100006:360:0000:0000% 0
Beck MalenstynLW0000011014:200:0800:03050% 2
Buddy RobinsonRW0000022018:494:4000:000100% 1
Chad KrysD000-1203120:464:2732:4500% 0
Christoffer EhnC/LW000100208:560:0000:00083% 6
Cole KoepkeLW0000244021:595:0713:3920% 2
Dennis GilbertD000-1024021:414:2733:3900% 0
Gustav OlofssonD0110001325:335:2013:3100% 0
Jay BeagleC/RW000-101006:360:0000:000100% 1
Joona LuotoLW/RW2020004020:115:0711:50067% 3
Jordie BennD0000012325:415:2823:3100% 0
Justin DowlingC/LW/RW0110003023:105:0714:49054% 41
Kyle BurroughsD0111420012:440:0800:0000% 0
Lean BergmannLW/RW0001015114:423:5621:500100% 3
Maxim LetunovC000-100107:560:5200:28067% 6
Tyrell GoulbourneLW1011014010:370:0001:41067% 3



Play-by-Play

1st period


0:01 of 1st period - Justin Dowling wins face-off versus Nicholas Abruzzese in neutral zone.
0:06 of 1st period - Shot by Gustav Olofsson.
0:06 of 1st period - Shot Misses the Net.
1:10 of 1st period - Shot by Dennis Gilbert.
1:10 of 1st period - Stopped by Kevin Mandolese with a rebound.
1:59 of 1st period - Max Willman is hit by Kyle Burroughs and loses puck.
2:38 of 1st period - Minor Penalty to Carsen Twarynski for Diving.
2:39 of 1st period - Justin Dowling wins face-off versus Alex Formenton in Monsters zone.
2:44 of 1st period - Shot by Justin Dowling.
2:44 of 1st period - Shot Misses the Net.
3:15 of 1st period - Shot by Jordie Benn.
3:15 of 1st period - Stopped by Kevin Mandolese without a rebound.
3:16 of 1st period - Arttu Ruotsalainen wins face-off versus Alex Formenton in Monsters zone.
3:33 of 1st period - Shot by Arttu Ruotsalainen.
3:33 of 1st period - Shot Blocked by Sean Day.
3:55 of 1st period - Shot by Chad Krys.
3:55 of 1st period - Shot Misses the Net.
4:08 of 1st period - Icing by Joona Luoto.
4:09 of 1st period - Justin Dowling wins face-off versus Andrew Poturalski in Bears zone.
4:16 of 1st period - Shot by Gustav Olofsson.
4:16 of 1st period - Shot Misses the Net.
4:52 of 1st period - Shot by Lean Bergmann.
4:52 of 1st period - Stopped by Kevin Mandolese without a rebound.
4:53 of 1st period - Maxim Letunov wins face-off versus Nicolas Petan in Monsters zone.
5:19 of 1st period - Tim Gettinger is hit by Dennis Gilbert.
5:38 of 1st period - Off-side.
5:39 of 1st period - Nicholas Abruzzese wins face-off versus Arttu Ruotsalainen in neutral zone.
5:42 of 1st period - Shot by Alex Formenton.
5:42 of 1st period - Shot Misses the Net.
5:44 of 1st period - Shot by Alex Formenton.
5:44 of 1st period - Shot Misses the Net.
5:52 of 1st period - Shot by Nicholas Abruzzese.
5:52 of 1st period - Shot Blocked by Gustav Olofsson.
6:35 of 1st period - Icing by Sean Day.
6:36 of 1st period - Joona Luoto wins face-off versus Riley Sutter in Monsters zone.
6:45 of 1st period - Shot by Joona Luoto.
6:45 of 1st period - Goal by Joona Luoto - Monsters : 0 - Bears : 1.
6:46 of 1st period - Nicolas Petan wins face-off versus Justin Dowling in neutral zone.
6:51 of 1st period - Shot by Chris Bigras.
6:51 of 1st period - Stopped by Mikhal Berdin with a rebound.
7:01 of 1st period - Shot by Nicolas Petan.
7:01 of 1st period - Goal by Nicolas Petan - Monsters : 1 - Bears : 1.
7:02 of 1st period - Tyrell Goulbourne wins face-off versus Max Willman in neutral zone.
7:07 of 1st period - Tyrell Goulbourne is hit by Riley Sutter and loses puck.
7:22 of 1st period - Shot by Lean Bergmann.
7:22 of 1st period - Stopped by Kevin Mandolese without a rebound.
7:23 of 1st period - Andrew Poturalski wins face-off versus Cole Koepke in Monsters zone.
9:46 of 1st period - Austin Watson is hit by Riley Sutter and loses puck.
9:54 of 1st period - Icing by Kyle Burroughs.
9:55 of 1st period - Maxim Letunov wins face-off versus Nicholas Abruzzese in Bears zone.
10:14 of 1st period - Shot by Nicholas Abruzzese.
10:14 of 1st period - Shot Misses the Net.
10:16 of 1st period - Shot by Alex Formenton.
10:16 of 1st period - Stopped by Mikhal Berdin without a rebound.
10:17 of 1st period - Justin Dowling wins face-off versus Nicolas Petan in Bears zone.
10:17 of 1st period - Justin Dowling is hit by Tim Gettinger.
10:31 of 1st period - Icing by Jordie Benn.
10:32 of 1st period - Justin Dowling wins face-off versus Nicholas Abruzzese in Bears zone.
10:32 of 1st period - Justin Dowling is hit by Andrew Poturalski.
12:28 of 1st period - Shot by Riley Sutter.
12:28 of 1st period - Stopped by Mikhal Berdin without a rebound.
12:29 of 1st period - Luke Johnson wins face-off versus Maxim Letunov in Bears zone.
12:30 of 1st period - Shot by Alex Formenton.
12:30 of 1st period - Stopped by Mikhal Berdin with a rebound.
12:37 of 1st period - Gustav Olofsson is hit by Adam Ginning.
12:49 of 1st period - Shot by Austin Watson.
12:49 of 1st period - Shot Misses the Net.
12:52 of 1st period - Jay Beagle is hit by Adam Ginning and loses puck.
13:03 of 1st period - Shot by Maxim Letunov.
13:03 of 1st period - Stopped by Kevin Mandolese without a rebound.
13:04 of 1st period - Justin Dowling wins face-off versus Max Willman in Monsters zone.
13:07 of 1st period - Shot by Joona Luoto.
13:07 of 1st period - Shot Misses the Net.
13:23 of 1st period - Shot by Riley Sutter.
13:23 of 1st period - Shot Misses the Net.
13:25 of 1st period - Shot by Riley Sutter.
13:25 of 1st period - Shot Blocked by Andreas Borgman.
13:27 of 1st period - Shot by Max Willman.
13:27 of 1st period - Stopped by Mikhal Berdin with a rebound.
13:29 of 1st period - Shot by Blade Jenkins.
13:29 of 1st period - Deflect By Riley Sutter.
13:29 of 1st period - Stopped by Mikhal Berdin without a rebound.
13:29 of 1st period - Minor Penalty to Kyle Burroughs for Slashing.
13:30 of 1st period - Nicolas Petan wins face-off versus Justin Dowling in Bears zone.
13:48 of 1st period - Icing by Nicolas Petan.
13:49 of 1st period - Justin Dowling wins face-off versus Nicolas Petan in Monsters zone.
13:52 of 1st period - Shot by Cole Koepke.
13:52 of 1st period - Stopped by Kevin Mandolese with a rebound.
14:02 of 1st period - Shot by Nicolas Petan.
14:02 of 1st period - Stopped by Mikhal Berdin with a rebound.
14:04 of 1st period - Shot by Anthony Angello.
14:04 of 1st period - Stopped by Mikhal Berdin without a rebound.
14:05 of 1st period - Andrew Poturalski wins face-off versus Justin Dowling in Bears zone.
14:12 of 1st period - Shot by Mason Geertsen.
14:12 of 1st period - Stopped by Mikhal Berdin without a rebound.
14:13 of 1st period - Justin Dowling wins face-off versus Nicholas Abruzzese in Bears zone.
14:26 of 1st period - Shot by Alex Formenton.
14:26 of 1st period - Goal by Alex Formenton - Monsters : 2 - Bears : 1.
14:27 of 1st period - Arttu Ruotsalainen wins face-off versus Nicolas Petan in neutral zone.
15:28 of 1st period - Icing by Christoffer Ehn.
15:29 of 1st period - Christoffer Ehn wins face-off versus Nicholas Abruzzese in Bears zone.
16:23 of 1st period - Shot by Justin Dowling.
16:23 of 1st period - Stopped by Kevin Mandolese without a rebound.
16:24 of 1st period - Max Willman wins face-off versus Arttu Ruotsalainen in Monsters zone.
16:24 of 1st period - Max Willman is hit by Beck Malenstyn.
16:33 of 1st period - Off-side.
16:34 of 1st period - Justin Dowling wins face-off versus Nicolas Petan in neutral zone.
16:43 of 1st period - Shot by Joona Luoto.
16:43 of 1st period - Goal by Joona Luoto - Monsters : 2 - Bears : 2.
16:44 of 1st period - Max Willman wins face-off versus Arttu Ruotsalainen in neutral zone.
17:07 of 1st period - Shot by Riley Sutter.
17:07 of 1st period - Shot Blocked by Gustav Olofsson.
17:31 of 1st period - Mason Geertsen is hit by Buddy Robinson and loses puck.
18:17 of 1st period - Shot by Justin Dowling.
18:17 of 1st period - Shot Misses the Net.
18:22 of 1st period - Minor Penalty to Cole Koepke for Diving.
18:23 of 1st period - Justin Dowling wins face-off versus Nicolas Petan in Bears zone.
18:23 of 1st period - Justin Dowling is hit by Tim Gettinger.
18:38 of 1st period - Shot by Nicolas Petan.
18:38 of 1st period - Stopped by Mikhal Berdin without a rebound.
18:39 of 1st period - Nicholas Abruzzese wins face-off versus Justin Dowling in Bears zone.
18:40 of 1st period - Shot by Alex Formenton.
18:40 of 1st period - Stopped by Mikhal Berdin without a rebound.
18:41 of 1st period - Justin Dowling wins face-off versus Nicholas Abruzzese in Bears zone.
19:52 of 1st period - Shot by Mitch Reinke.
19:52 of 1st period - Shot Misses the Net.
19:54 of 1st period - Shot by Nicolas Petan.
19:54 of 1st period - Shot Blocked by Gustav Olofsson.
19:56 of 1st period - Shot by Anthony Angello.
19:56 of 1st period - Deflect By Nicolas Petan.
19:56 of 1st period - Stopped by Mikhal Berdin without a rebound.
19:57 of 1st period - Justin Dowling wins face-off versus Nicholas Abruzzese in Bears zone.
Goals for this period are 2 for Monsters vs 2 for Bears .
Shots for this period are 14 for Monsters vs 9 for Bears .

2nd period


0:01 of 2nd period - Nicholas Abruzzese wins face-off versus Justin Dowling in neutral zone.
0:21 of 2nd period - Minor Penalty to Andrew Poturalski for Slashing.
0:22 of 2nd period - Arttu Ruotsalainen wins face-off versus Alex Formenton in Monsters zone.
0:37 of 2nd period - Shot by Lean Bergmann.
0:37 of 2nd period - Stopped by Kevin Mandolese with a rebound.
1:18 of 2nd period - Mitch Reinke is hit by Buddy Robinson and loses puck.
2:38 of 2nd period - Shot by Andreas Borgman.
2:38 of 2nd period - Stopped by Kevin Mandolese with a rebound.
2:46 of 2nd period - Shot by Riley Sutter.
2:46 of 2nd period - Shot Misses the Net.
2:55 of 2nd period - Minor Penalty to Andreas Borgman for Holding.
2:56 of 2nd period - Nicolas Petan wins face-off versus Justin Dowling in Bears zone.
3:15 of 2nd period - Shot by Sean Day.
3:15 of 2nd period - Shot Misses the Net.
3:17 of 2nd period - Shot by Sean Day.
3:17 of 2nd period - Shot Misses the Net.
3:41 of 2nd period - Shot by Alex Formenton.
3:41 of 2nd period - Deflect By Nicholas Abruzzese.
3:41 of 2nd period - Stopped by Mikhal Berdin without a rebound.
3:42 of 2nd period - Nicholas Abruzzese wins face-off versus Joona Luoto in Bears zone.
3:56 of 2nd period - Icing by Nicholas Abruzzese.
3:57 of 2nd period - Justin Dowling wins face-off versus Nicholas Abruzzese in Monsters zone.
4:06 of 2nd period - Shot by Dysin Mayo.
4:06 of 2nd period - Stopped by Mikhal Berdin without a rebound.
4:07 of 2nd period - Joona Luoto wins face-off versus Nicolas Petan in Bears zone.
4:25 of 2nd period - Shot by Anthony Angello.
4:25 of 2nd period - Shot Blocked by Jordie Benn.
4:29 of 2nd period - Shot by Anthony Angello.
4:29 of 2nd period - Goal by Anthony Angello - Monsters : 3 - Bears : 2.
4:30 of 2nd period - Nicholas Abruzzese wins face-off versus Arttu Ruotsalainen in neutral zone.
4:41 of 2nd period - Shot by Arttu Ruotsalainen.
4:41 of 2nd period - Stopped by Kevin Mandolese without a rebound.
4:42 of 2nd period - Tyrell Goulbourne wins face-off versus Max Willman in Monsters zone.
4:56 of 2nd period - Icing by Dennis Gilbert.
4:57 of 2nd period - Christoffer Ehn wins face-off versus Nicholas Abruzzese in Bears zone.
4:57 of 2nd period - Christoffer Ehn is hit by Alex Formenton.
5:06 of 2nd period - Off-side.
5:07 of 2nd period - Nicolas Petan wins face-off versus Justin Dowling in neutral zone.
5:23 of 2nd period - Minor Penalty to Sean Day for Slashing.
5:24 of 2nd period - Buddy Robinson wins face-off versus Alex Formenton in Monsters zone.
5:48 of 2nd period - Icing by Chad Krys.
5:49 of 2nd period - Arttu Ruotsalainen wins face-off versus Nicholas Abruzzese in Bears zone.
6:12 of 2nd period - Off-side.
6:13 of 2nd period - Alex Formenton wins face-off versus Cole Koepke in neutral zone.
6:34 of 2nd period - Justin Dowling is hit by Mason Geertsen and loses puck.
6:53 of 2nd period - Shot by Gustav Olofsson.
6:53 of 2nd period - Deflect By Joona Luoto.
6:53 of 2nd period - Stopped by Kevin Mandolese without a rebound.
6:54 of 2nd period - Arttu Ruotsalainen wins face-off versus Andrew Poturalski in Monsters zone.
6:59 of 2nd period - Shot by Lean Bergmann.
6:59 of 2nd period - Stopped by Kevin Mandolese without a rebound.
7:00 of 2nd period - Lean Bergmann wins face-off versus Alex Formenton in Monsters zone.
7:09 of 2nd period - Shot by Dennis Gilbert.
7:09 of 2nd period - Stopped by Kevin Mandolese with a rebound.
7:11 of 2nd period - Shot by Dennis Gilbert.
7:11 of 2nd period - Stopped by Kevin Mandolese without a rebound.
7:12 of 2nd period - Andrew Poturalski wins face-off versus Justin Dowling in Monsters zone.
7:29 of 2nd period - Maxim Letunov is hit by Anthony Angello and loses puck.
7:40 of 2nd period - Shot by Mitch Reinke.
7:40 of 2nd period - Goal by Mitch Reinke - Monsters : 4 - Bears : 2.
7:40 of 2nd period - Spencer Martin enters game.
7:41 of 2nd period - Arttu Ruotsalainen wins face-off versus Max Willman in neutral zone.
8:08 of 2nd period - Shot by Beck Malenstyn.
8:08 of 2nd period - Shot Misses the Net.
8:10 of 2nd period - Shot by Chad Krys.
8:10 of 2nd period - Shot Blocked by Dysin Mayo.
8:38 of 2nd period - Shot by Justin Dowling.
8:38 of 2nd period - Shot Blocked by Dysin Mayo.
9:24 of 2nd period - Shot by Tyrell Goulbourne.
9:24 of 2nd period - Stopped by Kevin Mandolese with a rebound.
9:26 of 2nd period - Shot by Andreas Borgman.
9:26 of 2nd period - Shot Misses the Net.
9:28 of 2nd period - Shot by Tyrell Goulbourne.
9:28 of 2nd period - Stopped by Kevin Mandolese with a rebound.
9:30 of 2nd period - Shot by Lean Bergmann.
9:30 of 2nd period - Shot Misses the Net.
9:38 of 2nd period - Shot by Tyrell Goulbourne.
9:38 of 2nd period - Deflect By Christoffer Ehn.
9:38 of 2nd period - Shot Blocked by Riley Sutter.
9:40 of 2nd period - Shot by Lean Bergmann.
9:40 of 2nd period - Stopped by Kevin Mandolese without a rebound.
9:41 of 2nd period - Nicholas Abruzzese wins face-off versus Maxim Letunov in Monsters zone.
10:06 of 2nd period - Shot by Nicholas Abruzzese.
10:06 of 2nd period - Stopped by Spencer Martin without a rebound.
10:07 of 2nd period - Arttu Ruotsalainen wins face-off versus Nicolas Petan in Bears zone.
10:21 of 2nd period - Shot by Buddy Robinson.
10:21 of 2nd period - Shot Misses the Net.
10:23 of 2nd period - Shot by Buddy Robinson.
10:23 of 2nd period - Stopped by Kevin Mandolese without a rebound.
10:24 of 2nd period - Justin Dowling wins face-off versus Nicholas Abruzzese in Monsters zone.
10:24 of 2nd period - Justin Dowling is hit by Sean Day.
10:36 of 2nd period - Shot by Joona Luoto.
10:36 of 2nd period - Stopped by Kevin Mandolese without a rebound.
10:37 of 2nd period - Tim Gettinger wins face-off versus Arttu Ruotsalainen in Monsters zone.
10:59 of 2nd period - Icing by Jordie Benn.
11:00 of 2nd period - Arttu Ruotsalainen wins face-off versus Alex Formenton in Bears zone.
11:45 of 2nd period - Icing by Buddy Robinson.
11:46 of 2nd period - Arttu Ruotsalainen wins face-off versus Nicolas Petan in Bears zone.
12:04 of 2nd period - Icing by Dennis Gilbert.
12:05 of 2nd period - Luke Johnson wins face-off versus Justin Dowling in Bears zone.
12:18 of 2nd period - Shot by Luke Johnson.
12:18 of 2nd period - Stopped by Spencer Martin without a rebound.
12:19 of 2nd period - Christoffer Ehn wins face-off versus Nicolas Petan in Bears zone.
12:19 of 2nd period - Christoffer Ehn is hit by Tim Gettinger.
12:52 of 2nd period - Kyle Burroughs is hit by Chris Bigras.
12:54 of 2nd period - Shot by Tyrell Goulbourne.
12:54 of 2nd period - Stopped by Kevin Mandolese without a rebound.
12:55 of 2nd period - Justin Dowling wins face-off versus Nicholas Abruzzese in Monsters zone.
12:58 of 2nd period - Shot by Cole Koepke.
12:58 of 2nd period - Stopped by Kevin Mandolese without a rebound.
12:59 of 2nd period - Justin Dowling wins face-off versus Nicholas Abruzzese in Monsters zone.
13:07 of 2nd period - Shot by Alex Formenton.
13:07 of 2nd period - Shot Misses the Net.
13:09 of 2nd period - Shot by Andrew Poturalski.
13:09 of 2nd period - Deflect By Nicholas Abruzzese.
13:09 of 2nd period - Stopped by Spencer Martin without a rebound.
13:10 of 2nd period - Beck Malenstyn wins face-off versus Riley Sutter in Bears zone.
13:51 of 2nd period - Shot by Beck Malenstyn.
13:51 of 2nd period - Stopped by Kevin Mandolese without a rebound.
13:52 of 2nd period - Nicholas Abruzzese wins face-off versus Justin Dowling in Monsters zone.
13:54 of 2nd period - Alex Formenton is hit by Cole Koepke and loses puck.
14:02 of 2nd period - Minor Penalty to Chad Krys for Hooking.
14:03 of 2nd period - Nicolas Petan wins face-off versus Justin Dowling in Bears zone.
14:23 of 2nd period - Icing by Tim Gettinger.
14:24 of 2nd period - Nicolas Petan wins face-off versus Justin Dowling in Monsters zone.
14:24 of 2nd period - Nicolas Petan is hit by Cole Koepke.
14:32 of 2nd period - Shot by Mason Geertsen.
14:32 of 2nd period - Shot Misses the Net.
14:44 of 2nd period - Shot by Cole Koepke.
14:44 of 2nd period - Stopped by Kevin Mandolese without a rebound.
14:45 of 2nd period - Nicholas Abruzzese wins face-off versus Justin Dowling in Monsters zone.
14:52 of 2nd period - Shot by Sean Day.
14:52 of 2nd period - Shot Misses the Net.
14:54 of 2nd period - Shot by Sean Day.
14:54 of 2nd period - Stopped by Spencer Martin without a rebound.
14:55 of 2nd period - Nicholas Abruzzese wins face-off versus Justin Dowling in Bears zone.
15:22 of 2nd period - Shot by Alex Formenton.
15:22 of 2nd period - Shot Misses the Net.
15:24 of 2nd period - Shot by Alex Formenton.
15:24 of 2nd period - Shot Blocked by Lean Bergmann.
15:26 of 2nd period - Shot by Andrew Poturalski.
15:26 of 2nd period - Shot Blocked by Jordie Benn.
16:36 of 2nd period - Icing by Chad Krys.
16:37 of 2nd period - Tim Gettinger wins face-off versus Arttu Ruotsalainen in Bears zone.
16:54 of 2nd period - Shot by Nicolas Petan.
16:54 of 2nd period - Shot Misses the Net.
16:56 of 2nd period - Shot by Anthony Angello.
16:56 of 2nd period - Stopped by Spencer Martin with a rebound.
16:58 of 2nd period - Shot by Dysin Mayo.
16:58 of 2nd period - Stopped by Spencer Martin with a rebound.
17:00 of 2nd period - Shot by Dysin Mayo.
17:00 of 2nd period - Deflect By Nicolas Petan.
17:00 of 2nd period - Shot Misses the Net.
17:02 of 2nd period - Shot by Anthony Angello.
17:02 of 2nd period - Stopped by Spencer Martin with a rebound.
17:04 of 2nd period - Shot by Anthony Angello.
17:04 of 2nd period - Stopped by Spencer Martin without a rebound.
17:05 of 2nd period - Nicholas Abruzzese wins face-off versus Justin Dowling in Bears zone.
17:12 of 2nd period - Shot by Nicholas Abruzzese.
17:12 of 2nd period - Shot Misses the Net.
17:33 of 2nd period - Shot by Cole Koepke.
17:33 of 2nd period - Deflect By Justin Dowling.
17:33 of 2nd period - Stopped by Kevin Mandolese with a rebound.
18:09 of 2nd period - Shot by Mason Geertsen.
18:09 of 2nd period - Stopped by Spencer Martin without a rebound.
18:10 of 2nd period - Maxim Letunov wins face-off versus Max Willman in Bears zone.
18:10 of 2nd period - Maxim Letunov is hit by Max Willman.
18:25 of 2nd period - Icing by Andreas Borgman.
18:26 of 2nd period - Maxim Letunov wins face-off versus Tim Gettinger in Bears zone.
19:07 of 2nd period - Tim Gettinger is hit by Jay Beagle and loses puck.
19:15 of 2nd period - Icing by Mason Geertsen.
19:16 of 2nd period - Justin Dowling wins face-off versus Nicolas Petan in Monsters zone.
19:31 of 2nd period - Tim Gettinger is hit by Cole Koepke and loses puck.
19:50 of 2nd period - Shot by Andrew Poturalski.
19:50 of 2nd period - Shot Misses the Net.
Goals for this period are 2 for Monsters vs 0 for Bears .
Shots for this period are 13 for Monsters vs 17 for Bears .

3rd period


0:01 of 3rd period - Nicholas Abruzzese wins face-off versus Justin Dowling in neutral zone.
0:11 of 3rd period - Joona Luoto is hit by Mason Geertsen.
0:14 of 3rd period - Icing by Mason Geertsen.
0:15 of 3rd period - Christoffer Ehn wins face-off versus Nicholas Abruzzese in Monsters zone.
0:30 of 3rd period - Alex Formenton is hit by Dennis Gilbert and loses puck.
0:33 of 3rd period - Shot by Alex Formenton.
0:33 of 3rd period - Shot Misses the Net.
0:35 of 3rd period - Shot by Nicholas Abruzzese.
0:35 of 3rd period - Stopped by Spencer Martin with a rebound.
0:44 of 3rd period - Icing by Mason Geertsen.
0:45 of 3rd period - Nicholas Abruzzese wins face-off versus Justin Dowling in Monsters zone.
0:45 of 3rd period - Nicholas Abruzzese is hit by Cole Koepke.
0:54 of 3rd period - Mason Geertsen is hit by Jordie Benn and loses puck.
1:15 of 3rd period - Shot by Tim Gettinger.
1:15 of 3rd period - Goal by Tim Gettinger - Monsters : 5 - Bears : 2.
1:16 of 3rd period - Arttu Ruotsalainen wins face-off versus Max Willman in neutral zone.
2:26 of 3rd period - Shot by Cole Koepke.
2:26 of 3rd period - Shot Misses the Net.
3:08 of 3rd period - Gustav Olofsson is hit by Andrew Poturalski and loses puck.
3:26 of 3rd period - Nicholas Abruzzese is hit by Lean Bergmann and loses puck.
3:46 of 3rd period - Icing by Kyle Burroughs.
3:47 of 3rd period - Max Willman wins face-off versus Tyrell Goulbourne in Bears zone.
3:47 of 3rd period - Max Willman is hit by Kyle Burroughs.
3:52 of 3rd period - Icing by Kyle Burroughs.
3:53 of 3rd period - Lean Bergmann wins face-off versus Max Willman in Bears zone.
4:09 of 3rd period - Shot by Tyrell Goulbourne.
4:09 of 3rd period - Shot Misses the Net.
4:11 of 3rd period - Shot by Christoffer Ehn.
4:11 of 3rd period - Shot Blocked by Riley Sutter.
4:17 of 3rd period - Shot by Christoffer Ehn.
4:17 of 3rd period - Shot Misses the Net.
4:19 of 3rd period - Shot by Lean Bergmann.
4:19 of 3rd period - Deflect By Christoffer Ehn.
4:19 of 3rd period - Stopped by Kevin Mandolese without a rebound.
4:20 of 3rd period - Arttu Ruotsalainen wins face-off versus Nicolas Petan in Monsters zone.
5:37 of 3rd period - Shot by Alex Formenton.
5:37 of 3rd period - Stopped by Spencer Martin without a rebound.
5:38 of 3rd period - Max Willman wins face-off versus Christoffer Ehn in Bears zone.
5:55 of 3rd period - Shot by Tyrell Goulbourne.
5:55 of 3rd period - Shot Blocked by Chris Bigras.
5:57 of 3rd period - Shot by Tyrell Goulbourne.
5:57 of 3rd period - Shot Blocked by Max Willman.
5:59 of 3rd period - Shot by Tyrell Goulbourne.
5:59 of 3rd period - Goal by Tyrell Goulbourne - Monsters : 5 - Bears : 3.
6:00 of 3rd period - Justin Dowling wins face-off versus Luke Johnson in neutral zone.
6:38 of 3rd period - Icing by Mitch Reinke.
6:39 of 3rd period - Luke Johnson wins face-off versus Arttu Ruotsalainen in Monsters zone.
6:56 of 3rd period - Minor Penalty to Tim Gettinger for Hooking.
6:57 of 3rd period - Lean Bergmann wins face-off versus Alex Formenton in Monsters zone.
7:02 of 3rd period - Shot by Dennis Gilbert.
7:02 of 3rd period - Stopped by Kevin Mandolese with a rebound.
7:10 of 3rd period - Shot by Chad Krys.
7:10 of 3rd period - Stopped by Kevin Mandolese with a rebound.
7:16 of 3rd period - Shot by Chad Krys.
7:16 of 3rd period - Stopped by Kevin Mandolese without a rebound.
7:17 of 3rd period - Justin Dowling wins face-off versus Nicholas Abruzzese in Monsters zone.
7:34 of 3rd period - Shot by Justin Dowling.
7:34 of 3rd period - Shot Blocked by Andrew Poturalski.
7:36 of 3rd period - Shot by Gustav Olofsson.
7:36 of 3rd period - Stopped by Kevin Mandolese without a rebound.
7:37 of 3rd period - Arttu Ruotsalainen wins face-off versus Alex Formenton in Monsters zone.
8:03 of 3rd period - Shot by Chad Krys.
8:03 of 3rd period - Stopped by Kevin Mandolese without a rebound.
8:04 of 3rd period - Justin Dowling wins face-off versus Andrew Poturalski in Monsters zone.
8:04 of 3rd period - Cole Koepke is hit by Sean Day and loses puck.
8:11 of 3rd period - Shot by Joona Luoto.
8:11 of 3rd period - Deflect By Justin Dowling.
8:11 of 3rd period - Shot Misses the Net.
8:13 of 3rd period - Shot by Justin Dowling.
8:13 of 3rd period - Shot Blocked by Sean Day.
8:15 of 3rd period - Shot by Justin Dowling.
8:15 of 3rd period - Deflect By Cole Koepke.
8:15 of 3rd period - Stopped by Kevin Mandolese without a rebound.
8:16 of 3rd period - Justin Dowling wins face-off versus Alex Formenton in Monsters zone.
8:31 of 3rd period - Shot by Cole Koepke.
8:31 of 3rd period - Deflect By Justin Dowling.
8:31 of 3rd period - Stopped by Kevin Mandolese without a rebound.
8:32 of 3rd period - Alex Formenton wins face-off versus Arttu Ruotsalainen in Monsters zone.
8:51 of 3rd period - Shot by Arttu Ruotsalainen.
8:51 of 3rd period - Stopped by Kevin Mandolese without a rebound.
8:52 of 3rd period - Alex Formenton wins face-off versus Justin Dowling in Monsters zone.
10:05 of 3rd period - Joona Luoto is hit by Sean Day and loses puck.
10:14 of 3rd period - Shot by Mitch Reinke.
10:14 of 3rd period - Shot Misses the Net.
10:18 of 3rd period - Shot by Nicolas Petan.
10:18 of 3rd period - Shot Misses the Net.
10:20 of 3rd period - Shot by Nicolas Petan.
10:20 of 3rd period - Deflect By Tim Gettinger.
10:20 of 3rd period - Shot Misses the Net.
10:22 of 3rd period - Shot by Mitch Reinke.
10:22 of 3rd period - Stopped by Spencer Martin without a rebound.
10:23 of 3rd period - Alex Formenton wins face-off versus Beck Malenstyn in Bears zone.
10:28 of 3rd period - Shot by Andrew Poturalski.
10:28 of 3rd period - Shot Misses the Net.
10:32 of 3rd period - Shot by Alex Formenton.
10:32 of 3rd period - Shot Misses the Net.
10:57 of 3rd period - Chad Krys is hit by Alex Formenton and loses puck.
11:32 of 3rd period - Shot by Lean Bergmann.
11:32 of 3rd period - Deflect By Tyrell Goulbourne.
11:32 of 3rd period - Shot Misses the Net.
11:52 of 3rd period - Shot by Andreas Borgman.
11:52 of 3rd period - Shot Hit the Post.
12:40 of 3rd period - Minor Penalty to Mason Geertsen for Tripping.
12:41 of 3rd period - Justin Dowling wins face-off versus Alex Formenton in Monsters zone.
12:41 of 3rd period - Joona Luoto is hit by Dysin Mayo and loses puck.
12:50 of 3rd period - Shot by Nicholas Abruzzese.
12:50 of 3rd period - Shot Blocked by Jordie Benn.
13:01 of 3rd period - Joona Luoto is hit by Dysin Mayo and loses puck.
13:08 of 3rd period - Shot by Jordie Benn.
13:08 of 3rd period - Stopped by Kevin Mandolese without a rebound.
13:09 of 3rd period - Alex Formenton wins face-off versus Arttu Ruotsalainen in Monsters zone.
13:31 of 3rd period - Lean Bergmann is hit by Sean Day and loses puck.
14:48 of 3rd period - Shot by Kyle Burroughs.
14:48 of 3rd period - Shot Misses the Net.
14:50 of 3rd period - Shot by Maxim Letunov.
14:50 of 3rd period - Shot Blocked by Max Willman.
14:52 of 3rd period - Shot by Jay Beagle.
14:52 of 3rd period - Shot Misses the Net.
14:54 of 3rd period - Shot by Andreas Borgman.
14:54 of 3rd period - Stopped by Kevin Mandolese without a rebound.
14:55 of 3rd period - Christoffer Ehn wins face-off versus Nicolas Petan in Monsters zone.
14:55 of 3rd period - Tyrell Goulbourne is hit by Chris Bigras and loses puck.
15:01 of 3rd period - Tyrell Goulbourne is hit by Adam Ginning and loses puck.
15:04 of 3rd period - Shot by Lean Bergmann.
15:04 of 3rd period - Shot Misses the Net.
15:09 of 3rd period - Tyrell Goulbourne is hit by Chris Bigras and loses puck.
15:26 of 3rd period - Shot by Lean Bergmann.
15:26 of 3rd period - Shot Misses the Net.
15:28 of 3rd period - Shot by Tyrell Goulbourne.
15:28 of 3rd period - Shot Misses the Net.
15:37 of 3rd period - Icing by Chris Bigras.
15:38 of 3rd period - Arttu Ruotsalainen wins face-off versus Nicolas Petan in Monsters zone.
15:38 of 3rd period - Arttu Ruotsalainen is hit by Chris Bigras.
16:14 of 3rd period - Icing by Nicholas Abruzzese.
16:15 of 3rd period - Jay Beagle wins face-off versus Nicholas Abruzzese in Monsters zone.
17:06 of 3rd period - Shot by Cole Koepke.
17:06 of 3rd period - Shot Misses the Net.
17:08 of 3rd period - Shot by Justin Dowling.
17:08 of 3rd period - Shot Misses the Net.
17:53 of 3rd period - Arttu Ruotsalainen is hit by Mason Geertsen.
18:02 of 3rd period - Arttu Ruotsalainen is hit by Mason Geertsen and loses puck.
18:19 of 3rd period - Shot by Buddy Robinson.
18:19 of 3rd period - Stopped by Kevin Mandolese with a rebound.
18:32 of 3rd period - Max Willman is hit by Tyrell Goulbourne and loses puck.
18:41 of 3rd period - Shot by Christoffer Ehn.
18:41 of 3rd period - Stopped by Kevin Mandolese with a rebound.
18:46 of 3rd period - Lean Bergmann is hit by Dysin Mayo and loses puck.
19:18 of 3rd period - Minor Penalty to Kyle Burroughs for Hooking.
19:19 of 3rd period - Anthony Angello wins face-off versus Justin Dowling in Bears zone.
19:31 of 3rd period - Shot by Tim Gettinger.
19:31 of 3rd period - Shot Blocked by Chad Krys.
19:57 of 3rd period - Shot by Chris Bigras.
19:57 of 3rd period - Shot Misses the Net.
Goals for this period are 1 for Monsters vs 1 for Bears .
Shots for this period are 4 for Monsters vs 14 for Bears .